 Dungeon Crawl Stone Soup version 0.17-a0-1674-g2b13139 (webtiles) character file.

3964 KINGKRU the Blocker (level 10, -8/88 HPs)
             Began as a Minotaur Fighter on Aug 18, 2015.
             Was a Follower of Yredelemnul.
             Killed by nerve-wracking pain
             ... invoked by an orc priest
              (11 damage)
             ... on level 9 of the Dungeon.
             The game lasted 00:47:18 (8811 turns).

KINGKRU the Blocker (Minotaur Fighter)              Turns: 8811, Time: 00:47:18

Health: -8/88      AC:  8    Str: 27    XL:     10   Next: 2%
Magic:  0/9        EV: 11    Int:  5    God:    Yredelemnul [*.....]
Gold:   235        SH: 12    Dex: 10    Spells: 0 memorised, 9 levels left

rFire  . . .     SeeInvis +     a - +0 long sword
rCold  . . .     Clarity  .     b - +0 scale mail
rNeg   + . .     SustAt   .     c - +0 shield
rPois  .         Gourm    .     (helmet restricted)
rElec  .         Spirit   +     (no cloak)
rCorr  .         Warding  .     (no gloves)
rMut   .         Stasis   .     (no boots)
MR     .....                    p - amulet of guardian spirit
Stlth  ..........               u - +3 ring of strength
                                t - ring of Shadows {Umbra +Inv rN+ SInv}

@: very slightly contaminated, wreathed by umbra, not resistant to hostile
enchantments, extremely unstealthy
A: retaliatory headbutt, horns 2
a: Animate Remains, Renounce Religion, Evoke Invisibility


You were on level 9 of the Dungeon.
You worshipped Yredelemnul.
Yredelemnul was aware of your devotion.
You were not hungry.

You visited 1 branch of the dungeon, and saw 9 of its levels.

You collected 378 gold pieces.
You spent 143 gold pieces at shops.

Inventory:

Hand weapons
 a - a +0 long sword (weapon)
Missiles
 w - 2 tomahawks of returning (quivered)
Armour
 b - a +0 scale mail (worn)
 c - a +0 shield (worn)
Jewellery
 g - an uncursed ring of sustain attributes
 p - an amulet of guardian spirit (around neck)
 q - a +2 ring of slaying
 t - the ring of Shadows (left hand) {Umbra +Inv rN+ SInv}
   (You found it on level 7 of the Dungeon)

   [ring of invisibility]

   It protects you from negative energy.
   It lets you see invisible.
   It lets you turn invisible.
 u - a +3 ring of strength (right hand)
 v - a +6 ring of dexterity
 F - an uncursed ring of see invisible {unknown}
 I - a +3 ring of intelligence
Magical devices
 j - a wand of disintegration (13)
 A - a wand of lightning (2)
 G - a wand of flame (24)
Scrolls
 k - a scroll of fear {unknown}
 o - a scroll of enchant armour {unknown}
 y - 3 scrolls of remove curse
Potions
 h - 2 potions of degeneration
 l - 2 potions of poison
 x - a potion of curing
Books
 C - a Young Poisoner's Handbook

   Spells                             Type                      Level
   a - Sting                          Conjuration/Poison           1
   b - Cure Poison                    Poison                       2
   c - Mephitic Cloud                 Conjuration/Poison/Air       3
   d - Olgreb's Toxic Radiance        Poison                       4
   e - Venom Bolt                     Conjuration/Poison           5
Miscellaneous
 H - a box of beasts {used: 6}
Comestibles
 e - 2 bread rations
 m - 15 fruits
 B - a slice of pizza
 D - a meat ration


   Skills:
 + Level 7.7 Fighting
 + Level 8.1 Long Blades
 + Level 0.6 Throwing
 + Level 8.6 Armour
 + Level 6.6 Dodging
 + Level 1.5 Stealth
 + Level 9.1 Shields
 + Level 0.8 Evocations


You had 9 spell levels left.
You didn't know any spells.

Dungeon Overview and Level Annotations

Branches:
Dungeon (9/15)             Temple (0/1) D:6             Orc (0/4) D:9
   Lair: D:8-11

Altars:
Ashenzari
Cheibriados
Elyvilon
Kikubaaqudgha
Makhleb
Sif Muna
Xom
Yredelemnul
Beogh

Shops:
D:5 *   D:6 =   D:7 *


Innate Abilities, Weirdness & Mutations

You reflexively headbutt those who attack you in melee.
You have a pair of horns on your head.


Message History

You have reached level 10!
The bolt of lightning hits the crocodile.
You kill the crocodile!
Yredelemnul accepts your kill.
This wand has 2 charges left.
You hear a bellow! x2
A porcupine comes into view.
You see here a crocodile corpse.
You swap places.
Your larval shockbat beast disappears in a puff of smoke!
You block the porcupine's attack.
There is an open door here.
You see here a club.
You feel a little less mighty now.
The porcupine bites you but does no damage.
The porcupine barely misses you.
The orc priest mumbles some strange prayers to Beogh against you.
Pain shoots through your body!
You die...
Your body rises from the dead as a mindless zombie.

........§...'.......'...(... ###
#.o.#########.......#....... #..
+...# ###...###....... #.###...#
#...###....... #.#.....#
####.....#....... #.#<....#
###........#.###### ##.##....#
#..........#.#.....
.........######.......######.....
.........'.o.§).@.....# #.._..
###.##...######r......######.....
#.###+## #............#..... #.#
#........[...###### #..
#............. ###
#.........#######.#
#.........(.......#
###.......######### #........#


You could see a porcupine and an orc priest.

Vanquished Creatures
  The ghost of eataudio the Shield-Bearer, an average MiFi (D:4)
  A wyvern (D:8)
  A deep elf mage (D:6)
  A sky beast (D:8)
  An orc warrior (D:7)
  A black bear (D:8)
  2 ice beasts
  A phantom (D:9)
  4 ogres
  2 centaurs
  4 crocodiles (D:9)
  Blork the orc (D:6)
  A gnoll sergeant (D:7)
  4 giant frogs
  9 wights
  4 crimson imps
  6 orc wizards
  2 hounds
  6 orc priests
  A giant frog zombie (D:9)
  2 jellies (D:6)
  3 iguanas
  Natasha (thrice) (D:4)
  3 worker ants
  A hound zombie (D:9)
  2 hound skeletons
  2 river rats (D:9)
  5 adders
  5 gnolls (D:7)
  An ooze (D:4)
  2 adder skeletons (D:6)
  3 worms
  41 orcs
  2 ball pythons (D:1)
  6 giant cockroaches
  5 goblins
  6 hobgoblins
  6 kobolds
  3 quokkas
  11 bats
  2 giant cockroach zombies
  3 giant geckos
  3 giant newts
  A quokka zombie (D:7)
  8 rats
182 creatures vanquished.

Vanquished Creatures (collateral kills)
  4 orc warriors (D:9)
  A crimson imp (D:9)
  An orc wizard (D:9)
  2 orc priests (D:9)
8 creatures vanquished.

Vanquished Creatures (others)
  An orc wizard (D:9)
  A giant cockroach (D:7)
  3 fungi (D:9)
  10 plants (D:9)
15 creatures vanquished.

Grand Total: 205 creatures vanquished

Notes
Turn   | Place    | Note
--------------------------------------------------------------
     0 | D:1      | KINGKRU the Minotaur Fighter began the quest for the Orb.
     0 | D:1      | Reached XP level 1. HP: 19/19 MP: 0/0
   343 | D:1      | Reached XP level 2. HP: 27/27 MP: 1/1
   355 | D:1      | Reached skill level 4 in Fighting
   953 | D:2      | Reached XP level 3. HP: 9/33 MP: 2/2
  1437 | D:2      | Reached skill level 1 in Dodging
  1865 | D:3      | Reached XP level 4. HP: 40/40 MP: 3/3
  2370 | D:4      | Noticed Natasha
  2374 | D:4      | Killed Natasha
  2374 | D:4      | Reached XP level 5. HP: 47/47 MP: 4/4
  2420 | D:4      | Noticed an ogre
  2428 | D:4      | Killed an ogre
  2428 | D:4      | Reached skill level 5 in Shields
  2440 | D:4      | Noticed eataudio's ghost (average MiFi)
  2453 | D:4      | Killed eataudio's ghost
  2453 | D:4      | Reached XP level 6. HP: 18/53 MP: 2/5
  2561 | D:4      | Noticed Natasha
  2564 | D:4      | Killed Natasha
  2722 | D:4      | Noticed Natasha
  2727 | D:4      | Killed Natasha
  3043 | D:4      | Reached skill level 5 in Fighting
  3065 | D:4      | Noticed an ogre
  3073 | D:4      | Killed an ogre
  3073 | D:4      | Reached skill level 5 in Armour
  3073 | D:4      | Reached XP level 7. HP: 49/61 MP: 6/6
  3529 | D:5      | Entered Level 5 of the Dungeon
  3805 | D:5      | Found Idaoshutt's General Store.
  3840 | D:5      | Reached skill level 5 in Long Blades
  3853 | D:5      | Bought a wand of lightning (4) for 88 gold pieces
  3853 | D:5      | Bought a bread ration for 55 gold pieces
  4196 | D:5      | Found a basalt altar of Yredelemnul.
  4203 | D:5      | Became a worshipper of Yredelemnul the Dark
  4621 | D:6      | Found Weidotiw's Jewellery Shop.
  4654 | D:6      | Reached skill level 6 in Armour
  4667 | D:6      | Found a snail-covered altar of Cheibriados.
  4759 | D:6      | Noticed Blork the orc
  4764 | D:6      | Killed Blork the orc
  4764 | D:6      | Reached XP level 8. HP: 60/70 MP: 5/7
  4769 | D:6      | Reached skill level 1 in Stealth
  5149 | D:6      | Found a staircase to the Ecumenical Temple.
  5881 | D:7      | Reached skill level 7 in Armour
  6224 | D:7      | Reached skill level 5 in Dodging
  6235 | D:7      | Reached XP level 9. HP: 46/78 MP: 4/8
  6738 | D:7      | Found Tintohau's Assorted Antiques.
  7170 | D:7      | Found a burning altar of Makhleb.
  7176 | D:7      | Found a shattered altar of Ashenzari.
  7176 | D:7      | Found a deep blue altar of Sif Muna.
  7176 | D:7      | Found a white marble altar of Elyvilon.
  7177 | D:7      | Found an ancient bone altar of Kikubaaqudgha.
  7518 | D:8      | Acquired Yredelemnul's first power
  7588 | D:8      | Reached skill level 8 in Shields
  8039 | D:9      | Found a staircase to the Orcish Mines.
  8100 | D:9      | Found a roughly hewn altar of Beogh.
  8142 | D:9      | HP: 3/79 [orc wizard/puff of frost (9)]
  8143 | D:9      | HP: 1/79 [orc wizard/dagger (2)]
  8653 | D:9      | Reached skill level 9 in Shields
  8723 | D:9      | Found a shimmering altar of Xom.
  8754 | D:9      | Noticed a centaur warrior
  8795 | D:9      | HP: 4/80 [crocodile (8)]
  8801 | D:9      | HP: 1/80 [crocodile (4)]
  8806 | D:9      | Reached XP level 10. HP: 2/88 MP: 1/9
  8811 | D:9      | Killed from afar by an orc priest

Vault maps used:
D:1:      dpeg_arrival_shrine, kennysheep_doodads
D:3:      first_bread
D:4:      uniq_natasha, uniq_crazy_yiuf_cottage
D:5:      lemuel_crystal_altar, serial_shops, nicolae_shop_trees
D:6:      lemuel_crystal_altar, temple_statues, serial_shops, shop,
          uniq_blork_the_orc
D:7:      minitemple, serial_shops, shop, grunt_ogre_cave
D:9:      minmay_tri_box, minmay_lair_entry_grove,
          minmay_orc_entry_temple_small, xom_teletrap_fun

Action                   |  1- 3 |  4- 6 |  7- 9 | 10-12 || total
-------------------------+-------+-------+-------+-------++-------
Melee: Long sword        |   138 |    64 |   396 |       ||   598
Throw: Tomahawk          |       |       |     2 |       ||     2
Evoke: Box of beasts     |       |       |     6 |       ||     6
       Wand              |       |       |     2 |     1 ||     3
  Use: Scroll            |     5 |     2 |    13 |       ||    20
       Potion            |       |       |     9 |       ||     9
  Eat: Bread ration      |     1 |     1 |     4 |       ||     6
       Beef jerky        |       |       |     1 |       ||     1
